2102 views
Uploaded 2025-03-10 03:03:32
Game version 1.00 (6115)
31:08 long 1on3 private game on (8)RuinsOfAlterac v1.2
Saved by Alex11Chr
2102 views
Uploaded 2025-03-10 03:03:32
Game version 1.00 (6115)
31:08 long 1on3 private game on (8)RuinsOfAlterac v1.2


114 units @ 17.4k
/ 3k
69 buildings @ 8.4k
/ 3.5k
⇛
Alex11Chr
(18)
(31:07) : 


| Moonstone | 1 | 50 |
| Potion of Healing | 3 | 450 |
| Potion of Mana | 2 | 400 |
| Staff of Preservation | 2 | 300 |
| Lesser Clarity Potion | 2 | 140 |
| Scroll of Healing | 4 | 1000 |
| Scroll of Town Portal | 1 | 350 |
| Potion of Lesser Invulnerability | 1 | 150 |
| total: | 16 | 2840g |
| Wisp | 18 | 1080 | / | 0 |
| Archer | 1 | 130 | / | 10 |
| Druid of the Claw | 7 | 1785 | / | 560 |
| Dryad | 10 | 1450 | / | 600 |
| Goblin Shredder | 1 | 375 | / | 100 |
| total: | 37 | 4820g | / | 1270w |
| Ancient Protector | 1 | 135 | / | 80 |
| Moon Well | 7 | 1260 | / | 280 |
| Altar of Elders | 1 | 180 | / | 50 |
| Ancient of War | 1 | 150 | / | 60 |
| Ancient of Wonders | 2 | 180 | / | 60 |
| Hunter's Hall | 1 | 210 | / | 100 |
| Tree of Life | 2 | 680 | / | 370 |
| Ancient of Lore | 2 | 310 | / | 290 |
| Tree of Ages | 1 | 320 | / | 180 |
| Tree of Eternity | 1 | 330 | / | 200 |
| total: | 17 | 3105g | / | 1290w |
| 0:03 | Wisp |
| 0:05 | Moon Well |
| 0:06 | Altar of Elders |
| 0:08 | Wisp |
| 0:23 | Wisp |
| 0:33 | Wisp |
| 0:48 | Ancient of War |
| 0:49 | Wisp |
| 1:17 | Wisp |
| 1:32 | Wisp |
| 1:39 | Moon Well |
| 1:42 | Wisp |
| 1:49 | Wisp |
| 1:53 | Archer |
| 2:25 | Ancient of Wonders |
| 2:30 | Wisp |
| 2:42 | Breath of Fire |
| 3:04 | Wisp |
| 3:08 | Tree of Ages |
| 3:42 | Hunter's Hall |
| 3:44 | Moon Well |
| 4:21 | Drunken Haze |
| 4:32 | Moon Well |
| 5:18 | Ancient Protector |
| 5:56 | Ancient of Lore |
| 5:59 | Ancient of Lore |
| 6:00 | Wisp |
| 6:00 | Wisp |
| 6:50 | Ancient of Wonders |
| 7:00 | Fan of Knives |
| 7:26 | Druid of the Claw |
| 7:27 | Dryad |
| 8:31 | Wisp |
| 8:31 | Wisp |
| 8:52 | Tree of Life |
| 8:56 | Wisp |
| 9:04 | Blink |
| 9:06 | Breath of Fire |
| 9:19 | Dryad |
| 9:29 | Wisp |
| 10:43 | Goblin Shredder |
| 10:47 | Dryad |
| 10:48 | Dryad |
| 11:06 | Moonstone |
| 11:10 | Potion of Healing |
| 11:11 | Potion of Mana |
| 11:11 | Staff of Preservation |
| 11:22 | Potion of Healing |
| 11:22 | Potion of Mana |
| 11:24 | Lesser Clarity Potion |
| 11:29 | Druid of the Claw Adept Training |
| 11:31 | Druid of the Claw |
| 11:34 | Potion of Healing |
| 11:35 | Lesser Clarity Potion |
| 11:45 | Wisp |
| 12:15 | Dryad |
| 12:17 | Tree of Eternity |
| 12:19 | Strength of the Wild |
| 12:34 | Scroll of Healing |
| 12:36 | Potion of Lesser Invulnerability |
| 12:45 | Scroll of Healing |
| 13:41 | Dryad |
| 13:47 | Moon Well |
| 13:48 | Moon Well |
| 13:48 | Moon Well |
| 14:13 | Druid of the Claw |
| 14:14 | Druid of the Claw |
| 14:27 | Drunken Haze |
| 14:30 | Staff of Preservation |
| 14:40 | Fan of Knives |
| 15:45 | Druid of the Claw |
| 15:47 | Dryad |
| 15:49 | Well Spring |
| 15:49 | Improved Strength of the Wild |
| 15:49 | Reinforced Hides |
| 16:53 | Dryad |
| 16:55 | Tree of Life |
| 18:30 | Blink |
| 18:31 | Forked Lightning |
| 18:49 | Dryad |
| 18:51 | Dryad |
| 18:51 | Abolish Magic |
| 18:54 | Druid of the Claw Master Training |
| 19:03 | Advanced Strength of the Wild |
| 19:04 | Improved Reinforced Hides |
| 19:16 | Scroll of Healing |
| 19:17 | Scroll of Healing |
| 19:17 | Scroll of Town Portal |
| 19:58 | Breath of Fire |
| 20:10 | Mana Shield |
| 21:14 | Forked Lightning |
| 21:25 | Fan of Knives |
| 22:07 | Nature's Blessing |
| 23:15 | Storm Earth and Fire |
| 23:35 | Mana Shield |
| 23:51 | Druid of the Claw |
| 23:52 | Mark of the Claw |
| 23:54 | Advanced Reinforced Hides |
| 25:28 | Ultravision |
| 26:15 | Spirit of Vengeance |
| 26:48 | Druid of the Claw |
| 27:19 | Forked Lightning |
| 28:14 | Drunken Haze |
| Right click | 715 |
| Select group | 500 |
| Select | 421 |
| Misc. action | 155 |
| Build/train/purchase | 146 |
| Use ability | 105 |
| Assign group | 25 |
| Resource trade | 6 |
| Remove unit | 4 |
| Item give/drop | 2 |
| Minimap ping | 2 |
| Esc | 1 |



| Potion of Healing | 7 | 1050 |
| Potion of Mana | 4 | 800 |
| Lesser Clarity Potion | 1 | 70 |
| Scroll of Town Portal | 2 | 700 |
| Scroll of Healing | 2 | 500 |
| Scroll of Protection | 1 | 150 |
| total: | 17 | 3270g |
| Peasant | 12 | 900 | / | 0 |
| Footman | 1 | 135 | / | 0 |
| Rifleman | 6 | 1230 | / | 180 |
| Priest | 14 | 1890 | / | 140 |
| Knight | 5 | 1225 | / | 300 |
| total: | 38 | 5380g | / | 620w |
| Scout Tower | 11 | 330 | / | 220 |
| Guard Tower | 5 | 350 | / | 250 |
| Arcane Tower | 3 | 210 | / | 150 |
| Altar of Kings | 2 | 360 | / | 100 |
| Farm | 9 | 720 | / | 180 |
| Barracks | 1 | 160 | / | 60 |
| Lumber Mill | 1 | 120 | / | 0 |
| Blacksmith | 1 | 140 | / | 60 |
| Arcane Vault | 1 | 130 | / | 30 |
| Town Hall | 1 | 385 | / | 205 |
| Cannon Tower | 2 | 240 | / | 200 |
| Workshop | 1 | 140 | / | 140 |
| Arcane Sanctum | 1 | 150 | / | 140 |
| Keep | 1 | 320 | / | 210 |
| Castle | 1 | 360 | / | 210 |
| total: | 29 | 2635g | / | 1135w |
| 0:04 | Peasant |
| 0:04 | Peasant |
| 0:10 | Altar of Kings |
| 0:15 | Farm |
| 0:20 | Barracks |
| 0:28 | Peasant |
| 0:42 | Peasant |
| 0:51 | Farm |
| 1:04 | Peasant |
| 1:15 | Peasant |
| 1:27 | Lumber Mill |
| 1:31 | Farm |
| 1:37 | Peasant |
| 1:51 | Footman |
| 2:07 | Blacksmith |
| 2:13 | Farm |
| 2:16 | Holy Light |
| 2:24 | Peasant |
| 2:27 | Peasant |
| 2:49 | Improved Lumber Harvesting |
| 3:03 | Farm |
| 3:22 | Rifleman |
| 3:34 | Arcane Vault |
| 3:51 | Keep |
| 4:01 | Divine Shield |
| 4:07 | Rifleman |
| 4:21 | Scout Tower |
| 4:57 | Guard Tower |
| 5:08 | Scout Tower |
| 5:41 | Iron Plating |
| 5:42 | Studded Leather Armor |
| 5:43 | Black Gunpowder |
| 5:47 | Scout Tower |
| 6:05 | Improved Masonry |
| 6:07 | Arcane Tower |
| 6:21 | Workshop |
| 6:47 | Arcane Sanctum |
| 6:57 | Long Rifles |
| 7:14 | Potion of Healing |
| 7:15 | Potion of Healing |
| 7:16 | Potion of Mana |
| 7:19 | Storm Bolt |
| 7:37 | Scout Tower |
| 8:08 | Priest Adept Training |
| 8:09 | Castle |
| 8:17 | Holy Light |
| 8:30 | Scroll of Town Portal |
| 8:41 | Cannon Tower |
| 9:02 | Guard Tower |
| 9:09 | Farm |
| 9:12 | Priest |
| 9:55 | Town Hall |
| 10:10 | Advanced Lumber Harvesting |
| 11:11 | Peasant |
| 11:11 | Peasant |
| 11:24 | Priest Master Training |
| 11:27 | Potion of Healing |
| 11:43 | Scout Tower |
| 11:46 | Peasant |
| 12:01 | Potion of Healing |
| 12:03 | Brilliance Aura |
| 12:17 | Priest |
| 12:28 | Scout Tower |
| 12:30 | Guard Tower |
| 12:51 | Animal War Training |
| 13:01 | Arcane Tower |
| 13:05 | Scout Tower |
| 13:15 | Priest |
| 13:33 | Knight |
| 13:39 | Farm |
| 13:49 | Farm |
| 13:51 | Advanced Masonry |
| 14:13 | Bash |
| 14:24 | Scroll of Healing |
| 14:29 | Scroll of Healing |
| 14:29 | Scroll of Protection |
| 14:50 | Iron Forged Swords |
| 14:52 | Refined Gunpowder |
| 14:59 | Arcane Tower |
| 15:07 | Farm |
| 16:22 | Priest |
| 16:23 | Priest |
| 16:23 | Priest |
| 16:26 | Knight |
| 16:27 | Rifleman |
| 16:39 | Scroll of Town Portal |
| 16:45 | Lesser Clarity Potion |
| 16:57 | Rifleman |
| 17:10 | Potion of Mana |
| 17:22 | Knight |
| 17:42 | Potion of Healing |
| 17:49 | Potion of Mana |
| 18:16 | Devotion Aura |
| 19:11 | Priest |
| 19:12 | Priest |
| 19:12 | Priest |
| 19:52 | Storm Bolt |
| 20:02 | Altar of Kings |
| 20:06 | Potion of Healing |
| 20:06 | Potion of Mana |
| 20:08 | Potion of Healing |
| 20:32 | Summon Water Elemental |
| 21:35 | Devotion Aura |
| 21:41 | Priest |
| 21:41 | Priest |
| 21:41 | Priest |
| 22:02 | Bash |
| 22:27 | Brilliance Aura |
| 23:01 | Knight |
| 23:01 | Rifleman |
| 23:03 | Priest |
| 23:03 | Priest |
| 23:21 | Rifleman |
| 23:21 | Knight |
| 23:24 | Imbued Gunpowder |
| 23:24 | Steel Forged Swords |
| 23:25 | Steel Plating |
| 23:55 | Imbued Masonry |
| 23:57 | Reinforced Leather Armor |
| 27:32 | Summon Water Elemental |
| 28:10 | Storm Bolt |
| 28:15 | Resurrection |
| 28:32 | Scout Tower |
| 28:35 | Scout Tower |
| 29:04 | Guard Tower |
| 29:20 | Guard Tower |
| 29:23 | Scout Tower |
| 29:26 | Mithril Plating |
| 29:26 | Mithril Forged Swords |
| 29:26 | Dragonhide Armor |
| 29:57 | Scout Tower |
| 31:03 | Cannon Tower |
| Right click | 1674 |
| Select group | 455 |
| Select | 283 |
| Build/train/purchase | 135 |
| Use ability | 54 |
| Assign group | 48 |
| Item give/drop | 9 |
| Minimap ping | 2 |



| Scroll of Town Portal | 1 | 350 |
| Periapt of Vitality | 2 | 650 |
| Circlet of Nobility | 2 | 350 |
| total: | 5 | 1350g |
| Peasant | 9 | 675 | / | 0 |
| Footman | 5 | 675 | / | 0 |
| Rifleman | 17 | 3485 | / | 510 |
| Gryphon Rider | 7 | 1960 | / | 490 |
| Goblin Shredder | 1 | 375 | / | 100 |
| total: | 39 | 7170g | / | 1100w |
| Scout Tower | 3 | 90 | / | 60 |
| Guard Tower | 2 | 140 | / | 100 |
| Arcane Tower | 1 | 70 | / | 50 |
| Altar of Kings | 1 | 180 | / | 50 |
| Farm | 12 | 960 | / | 240 |
| Barracks | 1 | 160 | / | 60 |
| Lumber Mill | 2 | 240 | / | 0 |
| Blacksmith | 1 | 140 | / | 60 |
| Town Hall | 2 | 770 | / | 410 |
| Gryphon Aviary | 1 | 140 | / | 150 |
| Keep | 1 | 320 | / | 210 |
| Castle | 1 | 360 | / | 210 |
| total: | 23 | 2680g | / | 1030w |
| 0:01 | Peasant |
| 0:02 | Peasant |
| 0:08 | Altar of Kings |
| 0:17 | Peasant |
| 0:17 | Peasant |
| 0:27 | Farm |
| 1:05 | Barracks |
| 2:07 | Footman |
| 2:07 | Footman |
| 2:07 | Footman |
| 2:13 | Farm |
| 2:19 | Lumber Mill |
| 2:22 | Lumber Mill |
| 2:32 | Holy Light |
| 3:01 | Farm |
| 3:05 | Improved Lumber Harvesting |
| 3:51 | Keep |
| 4:20 | Divine Shield |
| 4:45 | Blacksmith |
| 5:29 | Footman |
| 5:29 | Footman |
| 6:29 | Black Gunpowder |
| 6:30 | Studded Leather Armor |
| 6:31 | Rifleman |
| 6:31 | Rifleman |
| 6:31 | Rifleman |
| 6:32 | Long Rifles |
| 6:37 | Advanced Lumber Harvesting |
| 6:45 | Farm |
| 7:25 | Scout Tower |
| 7:37 | Summon Water Elemental |
| 7:49 | Holy Light |
| 9:21 | Guard Tower |
| 9:27 | Refined Gunpowder |
| 9:27 | Reinforced Leather Armor |
| 9:31 | Farm |
| 9:38 | Peasant |
| 9:38 | Peasant |
| 9:38 | Peasant |
| 10:11 | Goblin Shredder |
| 10:34 | Brilliance Aura |
| 11:29 | Farm |
| 11:34 | Castle |
| 12:15 | Iron Forged Swords |
| 12:17 | Rifleman |
| 12:17 | Rifleman |
| 12:17 | Rifleman |
| 12:24 | Farm |
| 12:29 | Farm |
| 12:34 | Scout Tower |
| 13:12 | Town Hall |
| 13:42 | Steel Forged Swords |
| 13:51 | Periapt of Vitality |
| 13:51 | Circlet of Nobility |
| 13:56 | Scroll of Town Portal |
| 14:03 | Imbued Gunpowder |
| 14:03 | Dragonhide Armor |
| 14:46 | Arcane Tower |
| 15:21 | Divine Shield |
| 16:42 | Rifleman |
| 16:43 | Rifleman |
| 16:43 | Rifleman |
| 16:43 | Rifleman |
| 16:44 | Mithril Forged Swords |
| 16:50 | Gryphon Aviary |
| 17:12 | Peasant |
| 17:12 | Peasant |
| 17:30 | Storm Hammers |
| 17:33 | Improved Masonry |
| 17:36 | Rifleman |
| 17:36 | Rifleman |
| 17:41 | Farm |
| 17:42 | Farm |
| 18:24 | Siphon Mana |
| 19:01 | Periapt of Vitality |
| 19:01 | Circlet of Nobility |
| 20:08 | Summon Water Elemental |
| 21:07 | Holy Light |
| 22:07 | Gryphon Rider |
| 22:07 | Gryphon Rider |
| 22:07 | Gryphon Rider |
| 22:07 | Gryphon Rider |
| 22:07 | Gryphon Rider |
| 22:07 | Gryphon Rider |
| 22:08 | Gryphon Rider |
| 22:11 | Farm |
| 22:12 | Farm |
| 22:20 | Advanced Masonry |
| 22:46 | Brilliance Aura |
| 22:59 | Rifleman |
| 22:59 | Rifleman |
| 22:59 | Rifleman |
| 22:59 | Rifleman |
| 23:04 | Banish |
| 24:06 | Siphon Mana |
| 24:38 | Town Hall |
| 24:45 | Resurrection |
| 24:52 | Rifleman |
| 25:23 | Scout Tower |
| 26:14 | Guard Tower |
| 26:34 | Summon Water Elemental |
| 26:51 | Banish |
| 28:35 | Imbued Masonry |
| Right click | 731 |
| Select | 312 |
| Select group | 236 |
| Build/train/purchase | 104 |
| Use ability | 36 |
| Assign group | 35 |
| Minimap ping | 7 |
| Esc | 3 |